General information
- name: BNet
- type: Ladder 1vs1/FFA
- host: Battle.net
- saver: KuKuKnight
map: MeltingValley
- players: 2
- length: 28:34
- speed: Fast
- version: 1.26 W3XP
- replay type: Public
» download(90 KB)
Players
team 1 (winner)
KuKuKnight (
purple | 87 APM | 2489 actions | 28:34)
7 Blademaster
3 Wind Walk
3 Critical Strike
1 Bladestorm
» actions
| Assign group hotkey | 120 | |
| Basic commands | 11 | |
| Build / train | 100 | |
| Enter build submenu | 50 | |
| Enter hero's abilities submenu | 7 | |
| Give item / drop item | 9 | |
| Remove unit from queue | 2 | |
| Right click | 1120 | |
| Select / deselect | 414 | |
| Select group hotkey | 471 | |
| Use ability | 185 | |
2489 total
» units
| Peon | 21 | |
| Grunt | 3 | |
| Troll Batrider | 5 | |
| Wind Rider | 7 | |
36 total
» upgrades
| Armor | 2 | |
| Ranged Weapons | 2 | |
| Troll Regeneration | 1 | |
| Liquid Fire | 1 | |
| Reinforced Defenses | 1 | |
7 total
» buildings
| Orc Burrow | 4 | |
| Altar of Storms | 1 | |
| Barracks | 1 | |
| War Mill | 2 | |
| Stronghold | 1 | |
| Voodoo Lounge | 2 | |
| Watch Tower | 32 | |
| Beastiary | 2 | |
| Great Hall | 2 | |
| Fortress | 1 | |
48 total
» build order
00:11 Orc Burrow
00:26 Altar of Storms
00:59 Barracks
01:58 Orc Burrow
02:04 War Mill
02:43 Stronghold
03:03 Voodoo Lounge
04:02 Watch Tower
04:04 Watch Tower
05:10 Beastiary
05:17 Beastiary
05:43 Orc Burrow
05:50 Orc Burrow
05:53 Watch Tower
06:51 Great Hall
07:32 Watch Tower
07:34 Watch Tower
07:40 Watch Tower
09:05 Fortress
10:03 Watch Tower
10:03 Watch Tower
10:06 Watch Tower
11:45 Watch Tower
11:45 Watch Tower
11:46 Watch Tower
14:14 Watch Tower
16:23 Watch Tower
16:24 Watch Tower
16:25 Watch Tower
16:27 Watch Tower
17:19 Voodoo Lounge
17:28 War Mill
19:11 Watch Tower
19:13 Watch Tower
22:13 Great Hall
22:30 Watch Tower
22:30 Watch Tower
22:30 Watch Tower
22:32 Watch Tower
22:32 Watch Tower
22:55 Watch Tower
27:49 Watch Tower
27:49 Watch Tower
28:23 Watch Tower
28:24 Watch Tower
28:26 Watch Tower
» items
| Healing Salve | 12 | |
| Lesser Clarity Potion | 8 | |
| Potion of Mana | 9 | |
| Orb of Lightning | 1 | |
| Boots of Speed | 1 | |
| Potion of Healing | 7 | |
| Scroll of Town Portal | 7 | |
45 total
team 2 (loser)
Hatorade (
teal | 92 APM | 2629 actions | 28:32)
5 Death Knight
2 Unholy Aura
3 Death Coil
3 Lich
2 Frost Nova
1 Frost Armor
» actions
| Assign group hotkey | 39 | |
| Build / train | 82 | |
| Enter build submenu | 25 | |
| Enter hero's abilities submenu | 9 | |
| Right click | 1203 | |
| Select / deselect | 328 | |
| Select group hotkey | 826 | |
| Use ability | 117 | |
2629 total
» units
| Acolyte | 15 | |
| Ghoul | 6 | |
| Crypt Fiend | 11 | |
| Obsidian Statue | 6 | |
| Meatwagon | 6 | |
| Abomination | 2 | |
| Frost Wyrm | 2 | |
48 total
» upgrades
| Creature Attack | 2 | |
| Creature Carapace | 2 | |
| Web | 1 | |
| Exhume Corpses | 1 | |
| Disease Cloud | 2 | |
| Destroyer Form | 1 | |
| Freezing Breath | 1 | |
10 total
» buildings
| Altar of Darkness | 1 | |
| Crypt | 1 | |
| Ziggurat | 8 | |
| Graveyard | 1 | |
| Tomb of Relics | 1 | |
| Nerubian Tower | 4 | |
| Halls of the Dead | 1 | |
| Slaughterhouse | 2 | |
| Spirit Tower | 1 | |
| Sacrificial Pit | 1 | |
| Black Citadel | 1 | |
| Boneyard | 1 | |
23 total
» build order
00:10 Altar of Darkness
00:17 Crypt
00:39 Ziggurat
01:03 Graveyard
01:37 Ziggurat
01:45 Tomb of Relics
01:58 Nerubian Tower
04:25 Halls of the Dead
04:33 Ziggurat
05:28 Nerubian Tower
05:31 Ziggurat
07:10 Slaughterhouse
07:36 Spirit Tower
08:01 Sacrificial Pit
08:14 Ziggurat
09:16 Black Citadel
11:01 Ziggurat
11:04 Ziggurat
12:42 Nerubian Tower
12:54 Slaughterhouse
13:01 Ziggurat
13:22 Nerubian Tower
17:27 Boneyard
» items
| Rod of Necromancy | 2 | |
| Sacrificial Skull | 1 | |
| Dust of Appearance | 1 | |
| Scroll of Town Portal | 2 | |
| Potion of Healing | 1 | |
7 total
Chat log
(00:21 / All) Hatorade: they do a reset?
(00:28 / All) KuKuKnight: aye
(00:35 / All) Hatorade: why?
(00:38 / All) KuKuKnight: why not
(00:44 / All) Hatorade: they just did one i thought
(00:52 / All) KuKuKnight: it was an accident
(00:59 / All) Hatorade: this one?
(01:02 / All) KuKuKnight: the other one
(01:07 / All) Hatorade: oh
(01:15 / All) KuKuKnight: can you spot me some gold?
(01:17 / All) KuKuKnight: I'm good for it
(01:33 / All) Hatorade: ya just bring your peons down
(02:06 / All) Hatorade: clans go away on reset?
(02:11 / All) KuKuKnight: no
(02:15 / All) Hatorade: oh
(02:25 / All) Hatorade: cause i was in a clan yesturday
(12:12 / All) KuKuKnight: I hate when commands don't go thru
(12:17 / All) KuKuKnight: yahmean?
(12:21 / All) Hatorade: ya and fags mass towers
(12:24 / All) KuKuKnight: lawls
(12:46 / All) Hatorade: konw what i mean?
(12:56 / All) KuKuKnight: Nah I don't have a problem with that
(13:06 / All) Hatorade: yea
(13:25 / All) KuKuKnight: why you got mass towers at your expo if you gonna complain about them?|
(13:33 / All) Hatorade: 2?
(14:17 / All) KuKuKnight: hehe
(20:03 / All) KuKuKnight: flawless
(20:13 / All) Hatorade: dude im laggin like fuck
(20:14 / All) Hatorade: u aint shit
(20:17 / All) KuKuKnight: lol
(20:19 / All) KuKuKnight: then don't play bitch
(20:23 / All) KuKuKnight: you getting raped
(20:31 / All) Hatorade: like i said im laggin
(20:38 / All) KuKuKnight: leave so I can have more time for my fap session bro
(20:48 / All) Hatorade: stfu
(21:01 / All) KuKuKnight: well you ain't winning thsi game
(22:50 / All) KuKuKnight: these creeps are SO fucking gay
(25:52 / All) KuKuKnight: how much gold do you have?
(26:00 / All) Hatorade: none of ya
(26:05 / All) KuKuKnight: I have 2k
(26:29 / All) Hatorade: congratulations
(26:34 / All) KuKuKnight: thank you
(26:34 / All) Hatorade: u would be aweosme at tower wars
(26:38 / All) KuKuKnight: |
(26:43 / All) Hatorade: i
(27:49 / All) Hatorade: fucken fag orc
(27:51 / All) Hatorade: just mass towers
(27:53 / All) Hatorade: like a bitch
(27:55 / All) KuKuKnight: lol
(27:56 / All) Hatorade: no fucken micro
(27:59 / All) Hatorade: just pussy bullshit
(28:04 / All) Hatorade: lucky i lag
(28:06 / All) KuKuKnight: leave man
(28:08 / All) KuKuKnight: I'm horny
(28:23 / All) Hatorade: fuck u faggot
(28:30 / All) Hatorade: get fucked by your bf
(28:31 / All) KuKuKnight: leave bro